 Dungeon Crawl Stone Soup version 0.19.1 (webtiles) character file.

591 Gargo the Digger (level 7, -4/37 HPs)
             Began as a Gargoyle Earth Elementalist on Dec 5, 2016.
             Killed from afar by Ijyb (18 damage)
             ... with a wand of acid
             ... on level 4 of the Dungeon.
             The game lasted 00:17:52 (3148 turns).

Gargo the Digger (Gargoyle Earth Elementalist)      Turns: 3148, Time: 00:17:53

Health: -4/37      AC:  4    Str: 11    XL:     7   Next: 39%
Magic:  1/14       EV: 12    Int: 18    God:
Gold:   143        SH:  0    Dex: 10    Spells: 3 memorised, 7 levels left

rFire  . . .     SeeInvis .     a - +4 flail
rCold  . . .     Gourm    .     c - +0 robe
rNeg   + . .     Faith    .     (no shield)
rPois  ∞         Spirit   .     (no helmet)
rElec  +         Reflect  .     i - +0 cloak
rCorr  .         Harm     .     (no gloves)
MR     .....                    q - +0 pair of boots
Stlth  ++........               (no amulet)
                                (no ring)
                                (no ring)

@: corroded, very slightly contaminated
A: negative energy resistance 1, electricity resistance, unbreathing,
petrification resistance, rot immunity, AC +4
a: no special abilities


You were on level 4 of the Dungeon.
You were not hungry.

You visited 1 branch of the dungeon, and saw 5 of its levels.

You collected 143 gold pieces.

Inventory:

Hand Weapons
 a - a +4 flail (weapon)
 t - a +0 mace
 u - a +3 dagger
Missiles
 b - 74 stones (quivered)
 j - 3 tomahawks of returning
Armour
 c - a +0 robe (worn)
 h - a +0 cloak
 i - a +0 cloak (worn)
 q - a +0 pair of boots (worn)
 s - a +0 buckler
Jewellery
 v - an uncursed amulet of inaccuracy
Scrolls
 k - a scroll of immolation {unknown}
 l - 2 scrolls of enchant armour {unknown}
 o - a scroll of noise {unknown}
 r - 2 scrolls of remove curse
 w - a scroll of blinking {unknown}
 x - a scroll of amnesia {unknown}
 y - 3 scrolls of identify
 z - a scroll of teleportation {unknown}
 A - 3 scrolls of magic mapping {unknown}
Potions
 g - 2 potions of brilliance {unknown}
 m - 3 potions of might
 n - a potion of lignification {unknown}
 B - a potion of flight {unknown}
 C - a potion of curing {unknown}
Books
 e - a book of Geomancy

   Spells                             Type                      Level
   a - Sandblast                      Earth                        1
   b - Passwall                       Transmutation/Earth          2
   c - Stone Arrow                    Conjuration/Earth            3
   d - Petrify                        Transmutation/Earth          4
   e - Lee's Rapid Deconstruction     Earth                        5
Comestibles
 d - a bread ration
 f - 6 chunks of flesh
 p - a slice of pizza
 D - a meat ration


   Skills:
 + Level 0.4 Fighting
 + Level 0.6 Maces & Flails
 + Level 0.7 Armour
 + Level 1.6 Dodging
 - Level 2.1 Stealth
 + Level 0.4 Shields
 * Level 5.3 Spellcasting
 + Level 3.3 Conjurations
   Level 0.7 Transmutations
 + Level 5.9 Earth Magic


You had 7 spell levels left.
You knew the following spells:

 Your Spells              Type           Power        Failure   Level  Hunger
a - Sandblast             Erth           ####..       1%          1    None
b - Lee's Rapid Deconstr  Erth           ####......   34%         5    ######.
A - Stone Arrow           Conj/Erth      ###...       10%         3    ##.....


Dungeon Overview and Level Annotations

Branches:
Dungeon (5/15)
 Temple: D:4-7

Altars:
Fedhas
Kikubaaqudgha
Ru
Trog
Xom
Zin

Shops:
D:4 *

Annotations:
D:4 Ijyb


Innate Abilities, Weirdness & Mutations

You are resistant to torment.
Your stone body is resilient. (AC +4)
You are immune to poison.
You resist negative energy. (rN+)
You are resistant to electric shocks. (rElec)
You can survive without breathing.
You are immune to petrification.
You are immune to rotting.


Message History

Ijyb is moderately wounded.
Casting: Stone Arrow
Confirm with . or Enter, or press ? or * to list all spells.
Aiming: Stone Arrow
Press: ? - help, Shift-Dir - straight line, f/p - Ijyb
Aim: Ijyb, wielding a club and carrying a wand of acid {zapped: 1} (moderately wounded)
The stone arrow hits Ijyb.
Ijyb is heavily wounded.
Ijyb screams, "It's all mine!"
Casting: Stone Arrow
Confirm with . or Enter, or press ? or * to list all spells.
You don't have enough magic to cast that spell.
Unknown command.
You aren't carrying any items that you can evoke.
a - a +4 flail (weapon)
Ijyb hits you with a club.
You barely miss Ijyb.
Ijyb is heavily wounded.
Ijyb zaps a wand.
The bolt of acid hits you!
You die...

#### ######## ##≈≈.
#......# #≈≈≈
+......# ##≈≈
#...(..#
#≈≈#########..##@'#
#≈≈#..........#.g.#
...'.....)....#...#
...'..........#.).#
...'...÷......#...#
.≈≈#..........#...#
.≈≈#########..#...#
##≈≈≈.. #..#...#
.#≈≈≈.. +.[#


You could see Ijyb.

Vanquished Creatures
  An ogre (D:3)
  2 howler monkeys (D:4)
  A crimson imp (D:4)
  A hound (D:4)
  A bullfrog skeleton (D:4)
  4 orc priests (D:3)
  An orc wizard (D:3)
  A worker ant (D:3)
  6 adders
  3 oozes
  A worm (D:2)
  A leopard gecko (D:3)
  11 orcs
  9 bats
  4 giant cockroaches
  12 goblins
  8 hobgoblins
  8 jackals
  7 kobolds
  3 quokkas (D:3)
  2 ball pythons
  5 frilled lizards
  6 rats
98 creatures vanquished.

Notes
Turn   | Place    | Note
-------+----------+-------------------------------------------
     0 | D:1      | Gargo the Gargoyle Earth Elementalist began the quest for the Orb.
     0 | D:1      | Reached XP level 1. HP: 10/10 MP: 3/3
   174 | D:1      | Reached XP level 2. HP: 6/15 MP: 0/5
   717 | D:1      | Reached XP level 3. HP: 19/19 MP: 1/7
   722 | D:1      | Learned a level 3 spell: Stone Arrow
  1001 | D:2      | Found a sacrificial altar of Ru.
  1076 | D:2      | Found a blossoming altar of Fedhas.
  1141 | D:3      | Noticed an ogre
  1350 | D:2      | Reached skill level 1 in Conjurations
  1381 | D:2      | Reached XP level 4. HP: 24/24 MP: 1/8
  1754 | D:3      | Found a bloodstained altar of Trog.
  1759 | D:3      | Found a glowing silver altar of Zin.
  1769 | D:3      | Killed an ogre
  1769 | D:3      | Reached XP level 5. HP: 28/28 MP: 3/11
  1864 | D:3      | Found an ancient bone altar of Kikubaaqudgha.
  1867 | D:3      | Found a shimmering altar of Xom.
  1936 | D:3      | Reached skill level 5 in Earth Magic
  1936 | D:3      | Reached XP level 6. HP: 30/32 MP: 1/12
  1949 | D:3      | Learned a level 5 spell: Lee's Rapid Deconstruction
  2611 | D:5      | Entered Level 5 of the Dungeon
  2706 | D:3      | Reached skill level 5 in Spellcasting
  2706 | D:3      | Reached XP level 7. HP: 36/36 MP: 5/14
  3008 | D:4      | Found Niasmum's General Store.
  3141 | D:4      | Noticed Ijyb
  3148 | D:4      | Killed from afar by Ijyb

Skill      XL: |  1  2  3  4  5  6 |
---------------+-------------------+-----
Earth Magic    | 4 5 |  5.9
Spellcasting   | 3 4 5 |  5.3
Conjurations   | 1 2 3 |  3.3
Fighting       | |  0.4
Maces & Flails | |  0.6
Armour         | |  0.7
Dodging        | |  1.6
Stealth        | |  2.1
Shields        | |  0.4
Transmutations | |  0.7

Action                   |  1- 3 |  4- 6 |  7- 9 || total
-------------------------+-------+-------+-------++-------
Melee: Mace              |    22 |       |       ||    22
       Dagger            |     1 |       |       ||     1
       Flail             |       |    27 |     2 ||    29
 Cast: Sandblast         |    57 |    67 |    32 ||   156
       Stone Arrow       |       |     5 |     2 ||     7
  Use: Scroll            |       |     3 |       ||     3
 Stab: Sleeping          |     6 |     4 |     1 ||    11
       Paralysed         |     1 |       |       ||     1
  Eat: Chunk             |     2 |     4 |     2 ||     8
Armor: Robe              |    24 |    36 |     9 ||    69
Dodge: Dodged            |    43 |    56 |    13 ||   112
